 Dungeon Crawl Stone Soup version 0.28.0-53-g5a82cb258f (webtiles) character file.

Game seed: 2566631255839548918

205 protoss039 the Digger (level 5, -12/39 HPs)
             Began as a Demonspawn Earth Elementalist on June 16, 2022.
             Killed by divine providence
             ... invoked by an orc priest
              (14 damage)
             ... on level 4 of the Dungeon.
             The game lasted 00:05:01 (4371 turns).

protoss039 the Digger (DsEE)                        Turns: 4371, Time: 00:05:02

Health: -12/39     AC:  7    Str:  8    XL:     5   Next: 52%
Magic:  2/9        EV: 11    Int: 18    God:
Gold:   95         SH:  9    Dex: 14    Spells: 3/9 levels left

rFire   . . .      SeeInvis .   a - +2 short sword (venom)
rCold   . . .      Faith    .   d - +0 buckler
rNeg    + . .      Spirit   .   m - +2 leather armour "Joicuit" {-Tele rPois rN+ Will++}
rPois   +          Reflect  +   i - +2 hat
rElec   .          Harm     .   (no cloak)
rCorr   +          Rampage  .   (no gloves)
Will    +....      NoTele   +   (no boots)
Stlth   ++........              b - amulet of reflection
HPRegen 0.13/turn               g - ring of resist corrosion
MPRegen 0.22/turn               (no ring)

@: weak-willed
A: foul stench 1, magic regeneration, demonic touch 1
a: no special abilities


You were on level 4 of the Dungeon.
You visited 1 branch of the dungeon, and saw 4 of its levels.

You collected 95 gold pieces.

Inventory:

Hand Weapons
 a - a +2 short sword of venom (weapon)
Missiles
 c - 77 stones
Armour
 d - a +0 buckler (worn)
 i - a +2 hat (worn)
 m - the +2 leather armour "Joicuit" (worn) {-Tele rPois rN+ Will++}
   (You found it on level 2 of the Dungeon)

   rPois:     It protects you from poison.
   rN:        It protects you from negative energy.
   -Tele:     It prevents most forms of teleportation.
   Will:      It greatly increases your willpower.
Jewellery
 b - an amulet of reflection (around neck)
 g - a ring of resist corrosion (left hand)
Scrolls
 h - 3 scrolls of blinking {unknown}
 k - 3 scrolls of identify
 l - a scroll of amnesia {unknown}
Potions
 f - 2 potions of flight
 n - a potion of invisibility {unknown}
 o - a potion of haste {unknown}


   Skills:
 * Level 2.6 Fighting
 + Level 1.5 Armour
 - Level 1.7 Dodging
 - Level 1.7 Stealth
 + Level 1.1 Shields
 + Level 2.6 Spellcasting
 * Level 2.1 Conjurations
 - Level 1.0 Transmutations
 + Level 3.3 Earth Magic


You had 3 spell levels left.
You knew the following spells:

 Your Spells              Type           Power      Damage    Failure   Level
a - Sandblast             Erth           28%        2d8       9%          1
b - Passwall              Tmut/Erth      8%         N/A       21%         2
c - Stone Arrow           Conj/Erth      24%        3d8       32%         3

Your spell library contained the following spells:

 Spells                   Type           Power      Damage    Failure   Level
 Corpse Rot               Necr/Air       4%         N/A       45%         2
 Gell's Gravitas          Tloc           2%         N/A       69%         3
 Lesser Beckoning         Tloc           2%         N/A       69%         3
 Teleport Other           Tloc           2%         N/A       69%         3
 Petrify                  Tmut/Erth      10%        N/A       78%         4
 Dispel Undead            Necr           2%         3d7       97%         4
 Death Channel            Necr           1%         N/A       100%        6


Dungeon Overview and Level Annotations

Branches:
Dungeon (4/15)
 Temple: D:4-7

Altars:

Shops:
D:1 (


Innate Abilities, Weirdness & Mutations

You may rarely emit foul miasma when damaged in melee.
You regenerate magic rapidly.
Your touch may inflict minor irresistible damage on your foes.


Message History

Confirm with . or Enter, or press ? or * to list all spells.
Aiming: Sandblast (safe; 9% risk of failure)
Press: ? - help, Shift-Dir - straight line, f/p - orc priest
Aim: an orc priest, wielding a +0 dagger and wearing a +0 chain mail (very poisoned, 85% to hit)
The blast of sand hits the orc priest.
The orc priest is lightly wounded.
The orc priest hits you with a +0 flail.
* * * LOW HITPOINT WARNING * * *
You block the kobold's attack. You block the orc priest's attack.
Unknown command.
Unknown command.
Casting: Sandblast (safe; 9% risk of failure)
Confirm with . or Enter, or press ? or * to list all spells.
Aiming: Sandblast (safe; 9% risk of failure)
Press: ? - help, Shift-Dir - straight line, f/p - orc priest
Aim: an orc priest, wielding a +0 dagger and wearing a +0 chain mail (lightly wounded, very poisoned, 85% to hit)
The blast of sand misses the orc priest.
The blast of sand hits the orc!
You kill the orc!
The orc priest calls upon Beogh to heal the orc priest.
The orc priest's wounds heal themselves!
An orc priest comes into view. It is wielding a +0 club.
The orc priest calls down the wrath of Beogh upon you.
You resist with almost no effort. The kobold hits you with a +0 dagger.
* * * LOW HITPOINT WARNING * * *
Unknown command.
Unknown command.
As you read the scroll labelled MUIMAR SORO, it crumbles to dust.
You feel a strange sense of stasis.
It was a scroll of teleportation.
The orc priest mumbles some strange prayers to Beogh against you.
You resist with almost no effort. The kobold hits you but does no damage.
The orc priest hits you but does no damage.
Unknown command.
Unknown command.
Unknown command.
As you read the scroll labelled ZUONAI ECLOSA, it crumbles to dust.
Magic quickly surges around you.
It was a scroll of vulnerability.
The orc priest calls down the wrath of Beogh upon you.
Beogh smites you!
You die...

#.....# #.....# .
#.....# #.....+ #.
###.....####.....#
#..#.................
...#.................
...'.................
#o........K.......
#oo..#######......
#@K..#.....######.
#....#.....+....#.
#....#.....#....'.
#.[..#.....##...#.
#....#.....##...#.
#....)..........#.
#....#..........+.
####....##..######.#.
#..#.....#### ####


You could see 3 orc priests and a kobold (weak-willed).

Vanquished Creatures
  2 orc priests
  Terence (D:2)
  2 adders
  A gnoll (D:1)
  A worm (D:2)
  2 dart slugs (D:2)
  11 orcs
  5 endoplasms
  3 goblins
  9 hobgoblins
  4 jackals (D:2)
  11 kobolds
  2 quokkas
  4 ball pythons
  6 bats
  3 frilled lizards
  7 rats
74 creatures vanquished.

Notes
Turn   | Place    | Note
-------+----------+-------------------------------------------
     0 | D:1      | protoss039 the Demonspawn Earth Elementalist began the
                  | quest for the Orb.
     0 | D:1      | Reached XP level 1. HP: 13/13 MP: 3/3
   131 | D:1      | Found Enlerph's Weapon Emporium.
   142 | D:1      | Reached skill level 1 in Transmutations
   708 | D:1      | Gained mutation: You may rarely emit foul miasma when
                  | damaged in melee. [demonic ancestry]
   708 | D:1      | Reached XP level 2. HP: 20/20 MP: 1/5
   948 | D:1      | Reached skill level 1 in Fighting
   948 | D:1      | Reached skill level 3 in Earth Magic
  1236 | D:1      | Found a faded altar of an unknown god.
  1640 | D:1      | Gained mutation: Your touch may inflict minor irresistible
                  | damage on your foes. [demonic ancestry]
  1640 | D:1      | Reached XP level 3. HP: 18/26 MP: 6/6
  1753 | D:1      | Learned a level 2 spell: Passwall
  1757 | D:1      | Learned a level 3 spell: Stone Arrow
  2054 | D:2      | Reached skill level 1 in Armour
  2473 | D:2      | Reached skill level 1 in Conjurations
  2500 | D:1      | Gained mutation: You regenerate magic rapidly. [demonic
                  | ancestry]
  2500 | D:1      | Reached XP level 4. HP: 19/33 MP: 4/7
  2809 | D:2      | Identified the +2 leather armour "Joicuit" {-Tele rPois rN+
                  | Will++}
  2950 | D:2      | Noticed Terence
  2967 | D:2      | Killed Terence
  3850 | D:3      | Reached XP level 5. HP: 38/38 MP: 8/8
  3923 | D:3      | Reached skill level 1 in Shields
  4371 | D:4      | Killed from afar by an orc priest

Illustrated notes

Levels and vault maps discovered:
D:1:      onia_arrival_pentagram, layout_loops_ring, serial_shops,
          nicolae_shop_bloodbath_and_beyond,
          shapermc_ecumenical_altar_acropolis, serial_bayou_pond_d,
          minmay_cupped
D:2:      layout_basic, hangedman_decor_clover_reticule, amethyst_killhole,
          minmay_tiny_reverse_x, uniq_terence
D:3:      layout_loops_ring
D:4:      layout_gridville, minmay_temple_entry_large_hall,
          minmay_joined_circles, uniq_ijyb

Skill      XL: |  1  2  3  4  5 |
---------------+----------------+-----
Transmutations | 1 |  1.0
Fighting       | 1 2 |  2.6
Earth Magic    | 3 |  3.3
Armour         | 1 |  1.5
Conjurations   | 1 2 |  2.1
Shields        | 1 |  1.1
Dodging        | |  1.7
Stealth        | |  1.7
Spellcasting   | |  2.6

Action                   |  1- 3 |  4- 6 || total
-------------------------+-------+-------++-------
Melee: Flail             |     9 |       ||     9
       Unarmed           |     8 |       ||     8
       Short sword       |    98 |    94 ||   192
       Punch             |     1 |       ||     1
 Cast: Sandblast         |    16 |     9 ||    25
       Stone Arrow       |       |     1 ||     1
  Use: Scroll            |       |     4 ||     4
 Stab: Sleeping          |     2 |     2 ||     4
       Distracted        |       |     1 ||     1
Armor: Leather armour    |    37 |    25 ||    62
Dodge: Dodged            |    95 |    44 ||   139
Block: Buckler           |    28 |    21 ||    49
